 Dungeon Crawl Stone Soup version 0.29-a0-409-gd843f3a48c (webtiles) character file.

Game seed: 14100295924488742277

276 dolemite99 the Cudgeller (level 6, -1/47 HPs)
             Began as a Demonspawn Fighter on May 14, 2022.
             Was an Initiate of Hepliaklqana.
             Killed by divine providence
             ... invoked by an orc priest
              (13 damage)
             ... on level 4 of the Dungeon.
             The game lasted 00:03:49 (4505 turns).

dolemite99 the Cudgeller (Demonspawn Fighter)       Turns: 4505, Time: 00:03:50

Health: -1/47      AC:  8    Str: 19    XL:     6   Next: 4%
Magic:  6/6        EV:  9    Int:  9    God:    Hepliaklqana [......]
Gold:   175        SH:  4    Dex: 12    Spells: 5/5 levels left

rFire   . . .      SeeInvis .   a - +1 flail
rCold   . . .      Faith    +   c - +0 buckler
rNeg    . . .      Spirit   .   b - +0 scale mail
rPois   +          Reflect  .   g - +0 helmet
rElec   .          Harm     .   (no cloak)
rCorr   .          Rampage  .   k - +0 pair of gloves
Will    .....                   (no boots)
Stlth   ..........              j - amulet of faith
HPRegen 0.15/turn               m - ring of poison resistance
MPRegen 0.10/turn               (no ring)

@: lit by a corona, about to teleport, glowing
A: hooves 2, powered by death 1
a: Renounce Religion


You were on level 4 of the Dungeon.
You worshipped Hepliaklqana.
Hepliaklqana was noncommittal.
You visited 2 branches of the dungeon, and saw 5 of its levels.

You collected 175 gold pieces.

Inventory:

Hand Weapons
 a - a +1 flail (weapon)
 w - a +0 hunting sling
Armour
 b - a +0 scale mail (worn)
 c - a +0 buckler (worn)
 g - a +0 helmet (worn)
 k - a +0 pair of gloves (worn)
 u - a +0 kite shield
Magical Staves
 B - a staff of poison
Jewellery
 d - a ring of poison resistance
 j - an amulet of faith (around neck)
 m - a ring of poison resistance (left hand)
Wands
 o - a wand of polymorph (2)
Scrolls
 h - a scroll of brand weapon {unknown}
 i - a scroll of summoning {unknown}
 l - 2 scrolls of vulnerability
 n - a scroll of torment {unknown}
 p - 2 scrolls of amnesia
 r - a scroll of fear {unknown}
 s - a scroll of fog {unknown}
Potions
 e - 3 potions of lignification
 f - 2 potions of heal wounds {unknown}
 q - 2 potions of haste {unknown}
 t - a potion of degeneration {unknown}
 v - a potion of magic {unknown}
 x - a potion of attraction {unknown}


   Skills:
 - Level 3.0 Fighting
 + Level 5.8 Maces & Flails
 - Level 2.6 Armour
 - Level 2.6 Shields


You had 5 spell levels left.
You didn't know any spells.
Your spell library contained the following spells:

 Spells                   Type           Power      Damage    Failure   Level
 Gell's Gravitas          Tloc           0%         N/A       99%         3
 Lesser Beckoning         Tloc           0%         N/A       99%         3
 Teleport Other           Tloc           0%         N/A       99%         3
 Dispersal                Tloc           0%         N/A       100%        6


Dungeon Overview and Level Annotations

Branches:
Dungeon (4/15)             Temple (1/1) D:4

Altars:
Ashenzari
Cheibriados
Dithmenos
Elyvilon
Fedhas
Gozag
Hepliaklqana
Kikubaaqudgha
Makhleb
Nemelex Xobeh
Okawaru
Qazlal
Ru
Sif Muna
Trog
Uskayaw
Vehumet
Xom
Yredelemnul
Zin
The Shining One

Shops:
D:2 [

Annotations:
D:2 1 runed translucent door, Crazy Yiuf
D:4 1 transporter, omnomnOMINOUS's ghost, novice OpWn


Innate Abilities, Weirdness & Mutations

You have hoof-like feet.
You regenerate a little health from kills.


Message History

Things that are here:
a +0 dagger; an adder corpse; a goblin corpse 3 gnolls come into view.
Found a transporter.
The gnoll shouts! x3; You hear a shout! x2
A gnoll comes into view. It is wielding a +0 halberd.
The gnoll moves out of view. x3
A gnoll is nearby!
A gnoll is nearby!
A gnoll is nearby!
The gnoll hits you with a +0 flail.
A gnoll comes into view. It is wielding a +0 club.
A gnoll shaman comes into view. It is wielding a +0 club.
The gnoll hits you with a +0 flail. The gnoll misses you.
The gnoll attacks as you move away! You block the gnoll's attack.
An orc comes into view. It is wielding a +0 hand axe.
The orc shouts!
You hear a shout!
An orc priest comes into view. It is wielding a +0 flail.
Found 18 gold pieces.
The gnoll shaman mumbles some strange prayers to its god against you.
You resist with some effort.
Found a long sword and a +6 ring of dexterity.
OmnomnOMINOUS's ghost turns its malevolent gaze towards you.
You hear a chilling moan. x3
OmnomnOMINOUS's ghost says, "You will be nailed to the ground forevermore."
The orc priest invokes the aid of Beogh against you.
Beogh smites you!
The gnoll shaman calls down the wrath of its god upon you.
You are outlined in light.
The orc priest calls down the wrath of Beogh upon you.
Beogh smites you!
* * * LOW HITPOINT WARNING * * *
As you read the scroll of teleportation, it crumbles to dust.
You feel strangely unstable.
Okay, then.
A hound comes into view.
The orc priest mumbles some strange prayers to Beogh against you.
Beogh smites you!
You die...

...#..
........#..........#.##
..##..#
.......#.............##
.. ...
.#....................
#.##h......>...##.##.
#.#.............#....
###.#..................
..................##.#
#...............##..
#.@#...........#...
#..#...........#).# #.
##go............#.. .
#.............##.. #.
#................. ..
#.##gg..............#
...#W#................##
#©.=)#go.g............#
..#..#................#


You could see a gnoll shaman, a hound, an orc priest, 4 gnolls and an orc.

Vanquished Creatures
  A scorpion (D:3)
  Natasha (thrice) (D:3)
  3 gnolls (D:4)
  4 adders
  2 worms (D:2)
  3 dart slugs (D:2)
  An orc (D:3)
  2 ball pythons
  6 endoplasms
  2 giant cockroaches
  6 goblins
  6 hobgoblins
  3 jackals (D:1)
  5 kobolds
  2 quokkas (D:2)
  9 bats
  2 frilled lizards (D:1)
  7 rats
67 creatures vanquished.

Notes
Turn   | Place    | Note
-------+----------+-------------------------------------------
     0 | D:1      | dolemite99 the Demonspawn Fighter began the quest for the
                  | Orb.
     0 | D:1      | Reached XP level 1. HP: 18/18 MP: 1/1
    68 | D:1      | Reached skill level 2 in Maces & Flails
   307 | D:1      | Gained mutation: You have large cloven feet. [demonic
                  | ancestry]
   307 | D:1      | Reached XP level 2. HP: 24/24 MP: 2/2
   919 | D:1      | Reached skill level 3 in Maces & Flails
  1279 | D:2      | Reached XP level 3. HP: 27/29 MP: 3/3
  1518 | D:2      | Found Hinustra's Armour Shop.
  2169 | D:2      | Found a faded altar of an unknown god.
  2241 | D:2      | Reached skill level 4 in Maces & Flails
  2241 | D:2      | Reached XP level 4. HP: 35/35 MP: 4/4
  2345 | D:2      | Found a runed translucent door.
  2346 | D:2      | Noticed Crazy Yiuf
  3176 | D:3      | Noticed a scorpion
  3184 | D:3      | Killed a scorpion
  3185 | D:3      | Gained mutation: You regenerate a little health from kills.
                  | [demonic ancestry]
  3185 | D:3      | Reached XP level 5. HP: 35/41 MP: 5/5
  3318 | D:3      | Reached skill level 5 in Maces & Flails
  3408 | D:3      | Noticed Natasha
  3416 | D:3      | Killed Natasha
  3566 | D:3      | Noticed Natasha
  3573 | D:3      | Killed Natasha
  3583 | D:3      | Noticed Natasha
  3587 | D:3      | Killed Natasha
  4006 | D:4      | Found a staircase to the Ecumenical Temple.
  4017 | Temple   | Entered the Ecumenical Temple
  4133 | Temple   | Became a worshipper of Hepliaklqana the Forgotten
  4414 | D:4      | Gained mutation: You have hoof-like feet. [demonic
                  | ancestry]
  4414 | D:4      | Reached XP level 6. HP: 47/47 MP: 6/6
  4484 | D:4      | Found a transporter.
  4495 | D:4      | Noticed omnomnOMINOUS's ghost (novice OpWn)
  4505 | D:4      | Killed from afar by an orc priest

Illustrated notes

Levels and vault maps discovered:
D:1:      ebering_hopf_link, layout_basic
D:2:      layout_basic, serial_shops, shop, dreamdust_ecumenical_altar_grove,
          minmay_tetromino_o4, uniq_crazy_yiuf_cottage
D:3:      layout_basic, kennysheep_path_1, uniq_natasha
D:4:      layout_cave_pools, minmay_temple_entry_waves,
          gammafunk_ghost_stat_death
Temple:   kilobyte_greek_temple

Skill      XL: |  1  2  3  4  5 |
---------------+----------------+-----
Maces & Flails | 2 3 4 5 |  5.8
Fighting       | |  3.0
Armour         | |  2.6
Shields        | |  2.6

Action                   |  1- 3 |  4- 6 || total
-------------------------+-------+-------++-------
Melee: Flail             |   105 |    48 ||   153
       Kick              |    20 |    10 ||    30
       Unarmed           |       |     7 ||     7
Throw: Javelin           |     4 |    14 ||    18
  Use: Potion            |       |     1 ||     1
       Scroll            |       |     8 ||     8
Armor: Scale mail        |    83 |    17 ||   100
       Skin              |       |     2 ||     2
Dodge: Dodged            |    59 |    21 ||    80
Block: Buckler           |    22 |    13 ||    35

Table legend: (Time is in decaauts)
 A = Elapsed time spent in this place.
 B = Non-inter-level travel time spent in this place.
 C = Inter-level travel time spent in this place.
 D = Time resting spent in this place.
 E = Time spent auto-exploring this place.
 F = Levels seen in this place.
 G = Mean time per level.
                   A        B        C        D        E       F      G
               +--------+--------+--------+--------+--------+-----+--------+
         Total |   4563 |   4458 |    105 |   1343 |   2349 |   5 |  912.6 |
       Dungeon |   4408 |   4340 |     68 |   1343 |   2247 |   4 | 1102.0 |
        Temple |    154 |    117 |     37 |      0 |    102 |   1 |  154.0 |
               +--------+--------+--------+--------+--------+-----+--------+

Top non-repeatable levels by time:
     D:2: 1723 daAuts
     D:1: 1178 daAuts
     D:3: 1154 daAuts
     D:4: 351 daAuts
  Temple: 154 daAuts
